 Dungeon Crawl Stone Soup version 0.29-a0-231-g945431f764 (webtiles) character file.

Game seed: 2088675289138458025

33 Morbidden the Shooter (level 3, -2/28 HPs)
             Began as a Palentonga Hunter on Feb 28, 2022.
             Slain by an adder (3 damage)
             ... on level 2 of the Dungeon.
             The game lasted 00:01:40 (1767 turns).

Morbidden the Shooter (Palentonga Hunter)           Turns: 1767, Time: 00:01:41

Health: -2/28      AC:  4    Str: 17    XL:     3   Next: 12%
Magic:  3/3        EV:  9    Int: 11    God:
Gold:   110        SH:  0    Dex: 10    Spells: 2/2 levels left

rFire   . . .      SeeInvis +   a - +1 shortbow
rCold   . . .      Faith    .   (shield currently unavailable)
rNeg    . . .      Spirit   .   b - +0 leather armour
rPois   .          Reflect  .   (no helmet)
rElec   .          Harm     .   (no cloak)
rCorr   .          Rampage  .   (no gloves)
Will    .....                   (no barding)
Stlth   +.........              (no amulet)
HPRegen 0.09/turn               (no ring)
MPRegen 0.08/turn               (no ring)

@: no status effects
A: large, rugged brown scales 3, see invisible, deformed body, roll 1, armoured
tail
a: Rolling Charge


You were on level 2 of the Dungeon.
You visited 1 branch of the dungeon, and saw 2 of its levels.

You collected 110 gold pieces.

Inventory:

Hand Weapons
 a - a +1 shortbow (weapon)
 c - a +3 short sword
 f - a +0 dagger of venom
Armour
 b - a +0 leather armour (worn)
Scrolls
 h - a scroll of torment {unknown}
 i - 2 scrolls of teleportation {unknown}
 j - a scroll of acquirement {unknown}
 k - a scroll of identify {unknown}
Potions
 d - 3 potions of curing {unknown}
 e - a potion of brilliance {unknown}
 g - a potion of flight {unknown}


   Skills:
 * Level 2.2 Fighting
 + Level 3.8 Bows
 * Level 0.8 Armour
 * Level 1.8 Dodging
 + Level 0.5 Stealth


You had 2 spell levels left.
You didn't know any spells.
Your spell library was empty.

Dungeon Overview and Level Annotations

Branches:
Dungeon (2/15)

Altars:

Shops:
D:1 !


Innate Abilities, Weirdness & Mutations

You are completely covered in rugged brown scales. (AC +3, +7% HP)
You have supernaturally acute eyesight. (SInv)
Armour fits poorly on your strangely shaped body.
You can roll at nearby foes to attack.
You have a long armoured tail.


Message History

You are too injured to fight recklessly!
You are too injured to fight recklessly!
You are too injured to fight recklessly!
You are too injured to fight recklessly!
You are too injured to fight recklessly!
You are too injured to fight recklessly!
You are too injured to fight recklessly!
You are too injured to fight recklessly!
You are too injured to fight recklessly!
You are too injured to fight recklessly!
Unknown command.
Unknown command.
You feel sick. The adder barely misses you.
You feel sick. The adder barely misses you.
You feel sick.
You feel sick.
Shoot: a) +1 shortbow
Press: ? - help, Q - select action, (/) - cycle Shift-Dir - straight line, f/p - adder
Aim: an adder (heavily wounded, 40% to hit)
You shoot an arrow. The arrow closely misses the adder.
You feel sick.
You are no longer poisoned.
The adder closely misses you. The adder bites you.
* * * LOW HITPOINT WARNING * * *
Shoot: a) +1 shortbow
Press: ? - help, Q - select action, (/) - cycle Shift-Dir - straight line, f/p - adder
Aim: an adder (heavily wounded, 40% to hit)
You shoot an arrow. The arrow closely misses the adder.
The adder bites you but does no damage. x2
Unknown command.
Unknown command.
Unknown command.
Shoot: a) +1 shortbow
Press: ? - help, Q - select action, (/) - cycle Shift-Dir - straight line, f/p - adder
Aim: an adder (heavily wounded, 40% to hit)
You shoot an arrow.
The arrow hits the adder but does no damage.
The adder is heavily wounded.
The adder bites you.
You die...

.#.# ####.#.# #
......# .. ......#.
...... #...#
####### #...#
#.....####...#
#......@S...##
#.....#####........
#.....# ....#....
#.....# ####.# ..
###'###.# ... #.#
#.# .##. #.# #.# #
# #.# #.# #.# #.#


You could see an adder.

Vanquished Creatures
  4 bats (D:1)
  A giant cockroach (D:1)
  4 hobgoblins
  11 kobolds (D:1)
  2 quokkas (D:1)
  2 ball pythons (D:1)
  6 frilled lizards
  4 rats
34 creatures vanquished.

Vanquished Creatures (others)
  5 plants (D:1)
5 creatures vanquished.

Grand Total: 39 creatures vanquished

Notes
Turn   | Place    | Note
-------+----------+-------------------------------------------
     0 | D:1      | Morbidden the Palentonga Hunter began the quest for the
                  | Orb.
     0 | D:1      | Reached XP level 1. HP: 17/17 MP: 1/1
   309 | D:1      | Reached XP level 2. HP: 23/23 MP: 2/2
   371 | D:1      | Found a faded altar of an unknown god.
  1039 | D:1      | Found Nuawues's Distillery.
  1093 | D:1      | Reached XP level 3. HP: 28/28 MP: 3/3
  1765 | D:2      | HP: 1/28 [adder (3)]
  1767 | D:2      | Slain by an adder

Illustrated notes

Levels and vault maps discovered:
D:1:      mrwooster_arrival_arrow, layout_loops_ring, serial_shops, shop,
          nicolae_ecumenical_lake_church, lexackson_kobold_supper
D:2:      layout_basic, uniq_jessica

Action                   || total
-------------------------++-------
 Fire: Shortbow          ||    81
  Use: Scroll            ||     1
Armor: Leather armour    ||    21
Dodge: Dodged            ||    22

Table legend: (Time is in decaauts)
 A = Elapsed time spent in this place.
 B = Non-inter-level travel time spent in this place.
 C = Inter-level travel time spent in this place.
 D = Time resting spent in this place.
 E = Time spent auto-exploring this place.
 F = Levels seen in this place.
 G = Mean time per level.
                   A        B        C        D        E       F      G
               +--------+--------+--------+--------+--------+-----+--------+
         Total |   1798 |   1737 |     61 |    100 |   1417 |   2 |  899.0 |
       Dungeon |   1798 |   1737 |     61 |    100 |   1417 |   2 |  899.0 |
               +--------+--------+--------+--------+--------+-----+--------+

Top non-repeatable levels by time:
     D:1: 1432 daAuts
     D:2: 365 daAuts
